 Dungeon Crawl Stone Soup version 0.28-a0-297-g99b01970c5 (webtiles) character file.

Game seed: 9140297321461298831

1027 vlrgcs the Digger (level 8, 0/41 HPs)
             Began as a Gargoyle Earth Elementalist on Aug 29, 2021.
             Slain by an ogre (24 damage)
             ... on level 5 of the Dungeon.
             The game lasted 00:11:37 (5979 turns).

vlrgcs the Digger (Gargoyle Earth Elementalist)     Turns: 5979, Time: 00:11:38

Health: 0/41       AC: 12    Str: 12    XL:     8   Next: 23%
Magic:  16/16      EV: 11    Int: 18    God:
Gold:   230        SH:  0    Dex: 10    Spells: 14/18 levels left

rFire   . . .      SeeInvis .   l - +7 Singing Sword {vorpal, sonic wave}
rCold   . . .      Faith    .   (no shield)
rNeg    + . .      Spirit   .   b - +0 robe
rPois   ∞          Reflect  .   (no helmet)
rElec   +          Harm     .   g - +1 cloak
rCorr   .          Rampage  .   d - +0 pair of gloves
Will    .....                   r - +1 pair of boots
Stlth   ++........              (no amulet)
HPRegen 0.13/turn               (no ring)
MPRegen 0.15/turn               (no ring)

@: no status effects
A: sickness immunity, AC +5, negative energy resistance 1, electricity
resistance, torment resistance 1, petrification resistance
a: no special abilities


You were on level 5 of the Dungeon.
You visited 1 branch of the dungeon, and saw 5 of its levels.

You collected 230 gold pieces.

Inventory:

Hand Weapons
 a - a +0 rapier of flaming
 l - the +7 Singing Sword (weapon) {vorpal, sonic wave}
   (You found it on level 5 of the Dungeon)

   It inflicts extra damage upon your enemies.
   It radiates damaging sonic waves as it strikes, especially in combat
   involving dangerous or numerous foes.
 o - a +1 vorpal flail
Missiles
 c - 84 stones
Armour
 b - a +0 robe (worn)
 d - a +0 pair of gloves (worn)
 g - a +1 cloak (worn)
 r - a +1 pair of boots (worn)
Wands
 p - a wand of flame (20)
Scrolls
 e - a scroll of immolation
Potions
 f - a potion of attraction
 h - 2 potions of curing
 i - a potion of might
 j - a potion of invisibility
 k - a potion of flight {unknown}
 m - a potion of berserk rage
 q - a potion of brilliance {unknown}


   Skills:
 + Level 0.0 Fighting
 + Level 0.0 Long Blades
 + Level 0.0 Armour
 + Level 1.5 Dodging
 - Level 2.1 Stealth
 + Level 5.5 Spellcasting
 + Level 4.7 Conjurations
 - Level 0.7 Transmutations
 + Level 7.8 Earth Magic
 + Level 0.0 Evocations


You had 14 spell levels left.
You knew the following spells:

 Your Spells              Type           Power      Damage    Failure   Level
a - Sandblast             Erth           66%        2d15      1%          1
b - Stone Arrow           Conj/Erth      54%        3d10      2%          3

Your spell library contained the following spells:

 Spells                   Type           Power      Damage    Failure   Level
 Passwall                 Tmut/Erth      16%        N/A       3%          2
 Petrify                  Tmut/Erth      20%        N/A       22%         4
 Animate Dead             Necr           2%         N/A       77%         4
 Haunt                    Necr/Summ      2%         N/A       100%        7
 Infestation              Necr           2%         N/A       100%        8


Dungeon Overview and Level Annotations

Branches:
Dungeon (5/15)             Temple (0/1) D:4

Altars:
Fedhas
Uskayaw
Zin

Shops:
D:3 (

Annotations:
D:3 1 runed translucent door, Malachi's ghost, amateur OpFi


Innate Abilities, Weirdness & Mutations

You are immune to sickness and miasma.
Your stone body is resilient. (AC +5)
You are immune to poison.
You resist negative energy. (rN+)
You are resistant to electric shocks. (rElec)
You are resistant to unholy torment.
You are immune to petrification.


Message History

The black bear claws you but does no damage. x2
The black bear barely misses you.
The black bear claws you but does no damage. x2
You slash the black bear!
The black bear is moderately wounded.
The black bear bites you but does no damage.
The black bear claws you but does no damage.
The black bear closely misses you.
You slash the black bear!
The black bear is severely wounded.
The black bear bites you but does no damage.
The black bear claws you but does no damage.
The black bear closely misses you.
The black bear goes berserk!
You hit the black bear.
The black bear is almost dead.
The black bear bites you. The black bear completely misses you.
The black bear barely misses you. The black bear bites you!
The black bear misses you.
The black bear claws you but does no damage.
You slash the black bear!
You kill the black bear!
No target in view!
No target in view!
No target in view!
There is an open gate here.
Found 19 poisoned darts.
You see here 19 poisoned darts.
You open the gate.
There is an open gate here.
There is an open gate here.
There is an open gate here.
An ogre comes into view. It is wielding a +0 giant spiked club.
Unknown command.
Unknown command.
The ogre hits you with a +0 giant spiked club!!
You slash the ogre!
The ogre is severely wounded.
The ogre hits you with a +0 giant spiked club!!
Ouch! That really hurt!
You die...

##..##≈≈#...#.. ##
#....##≈≈#.#.#. #.#
#.....##≈≈#...# ..#
##.#.....##≈≈...≈
#.###..##.....###'''#
#.#..# ##.....#....#
##...####.........##
#.......#....###....
#..@##......####....
#.O.####............
......# #..........##
###....#
##..........##
#.....###...........##
#..##.................
..# ###...............
#.# ##.###......(....
#..# ##...###....


You could see an ogre.

Vanquished Creatures
  A sky beast (D:5)
  2 black bears (D:5)
  5 scorpions (D:5)
  A bullfrog zombie (D:5)
  A centaur skeleton (D:5)
  An iguana (D:5)
  Ijyb (D:3)
  Jessica (D:3)
  4 orc wizards
  A hound zombie (D:5)
  9 adders
  A white imp (D:5)
  An adder skeleton (D:4)
  4 dart slugs
  11 orcs
  10 ball pythons
  18 bats
  5 endoplasms
  5 giant cockroaches
  7 hobgoblins
  3 jackals (D:2)
  5 kobolds
  2 quokkas (D:1)
  2 frilled lizards
  8 goblins
  5 rats
114 creatures vanquished.

Vanquished Creatures (others)
  15 fungi (D:5)
15 creatures vanquished.

Grand Total: 129 creatures vanquished

Notes
Turn   | Place    | Note
-------+----------+-------------------------------------------
     0 | D:1      | vlrgcs the Gargoyle Earth Elementalist began the quest for
                  | the Orb.
     0 | D:1      | Reached XP level 1. HP: 10/10 MP: 3/3
    79 | D:1      | Reached XP level 2. HP: 11/15 MP: 5/5
    80 | D:1      | Reached skill level 4 in Earth Magic
   535 | D:1      | Reached XP level 3. HP: 8/19 MP: 3/6
  1537 | D:2      | Reached XP level 4. HP: 9/24 MP: 3/8
  1844 | D:2      | Found a hide-covered altar of Uskayaw.
  2027 | D:2      | Reached skill level 5 in Earth Magic
  2569 | D:3      | Reached XP level 5. HP: 20/28 MP: 10/10
  2573 | D:3      | Learned a level 3 spell: Stone Arrow
  2681 | D:3      | Noticed Jessica
  2690 | D:3      | Killed Jessica
  2778 | D:3      | Found Pemnoy's Weapon Emporium.
  2818 | D:3      | Reached skill level 1 in Conjurations
  2843 | D:3      | Reached XP level 6. HP: 14/32 MP: 1/12
  2847 | D:3      | Reached skill level 6 in Earth Magic
  3118 | D:3      | Noticed Ijyb
  3122 | D:3      | Killed Ijyb
  3249 | D:3      | Found a faded altar of an unknown god.
  3265 | D:3      | Found a glowing silver altar of Zin.
  3265 | D:3      | Found a blossoming altar of Fedhas.
  3605 | D:3      | Found a runed translucent door.
  3608 | D:3      | Noticed Malachi's ghost (amateur OpFi)
  3748 | D:4      | Found a staircase to the Ecumenical Temple.
  4240 | D:5      | Entered Level 5 of the Dungeon
  4347 | D:5      | Noticed a black bear
  4351 | D:5      | Killed a black bear
  4352 | D:5      | Reached XP level 7. HP: 36/36 MP: 8/13
  5148 | D:5      | Reached skill level 7 in Earth Magic
  5154 | D:5      | Reached skill level 5 in Spellcasting
  5447 | D:5      | Reached XP level 8. HP: 20/41 MP: 7/15
  5609 | D:5      | Found the +7 Singing Sword {vorpal, sonic wave}
  5979 | D:5      | Slain by an ogre

Illustrated notes

Levels and vault maps discovered:
D:1:      dpeg_arrival_line_fractal, layout_loops_ring
D:2:      layout_basic, basic_altar, st_stairs_7
D:3:      layout_rooms, nicolae_overflow_hidden_temple, serial_shops,
          nicolae_square_shop, ebering_ghost_inner_flame,
          basic_ecumenical_altar, minmay_misc_feat_pillars,
          hangedman_glass_teeth, chequers_avenue, uniq_jessica, uniq_ijyb
D:4:      layout_rooms, minmay_temple_entry_overgrown
D:5:      old_forge, layout_layer_cave, kennysheep_cluttered_room

Skill      XL: |  1  2  3  4  5  6  7 |
---------------+----------------------+-----
Earth Magic    | 4 5 6 7 |  7.8
Spellcasting   | 3 4 5 |  5.5
Conjurations   | 1 3 4 |  4.7
Dodging        | |  1.5
Stealth        | |  2.1
Transmutations | |  0.7

Action                   |  1- 3 |  4- 6 |  7- 9 || total
-------------------------+-------+-------+-------++-------
Melee: Rapier            |   105 |   150 |    95 ||   350
       Double sword      |       |       |     6 ||     6
 Cast: Sandblast         |    12 |    31 |    16 ||    59
       Stone Arrow       |       |     2 |     2 ||     4
  Use: Potion            |       |     2 |       ||     2
       Scroll            |       |     7 |     4 ||    11
 Stab: Sleeping          |     1 |     3 |     1 ||     5
Armor: Robe              |    61 |    86 |    86 ||   233
Dodge: Dodged            |    97 |    94 |    90 ||   281

Table legend: (Time is in decaauts)
 A = Elapsed time spent in this place.
 B = Non-inter-level travel time spent in this place.
 C = Inter-level travel time spent in this place.
 D = Time resting spent in this place.
 E = Time spent auto-exploring this place.
 F = Levels seen in this place.
 G = Mean time per level.
                   A        B        C        D        E       F      G
               +--------+--------+--------+--------+--------+-----+--------+
         Total |   6064 |   5912 |    152 |    702 |   4180 |   5 | 1212.8 |
       Dungeon |   6064 |   5912 |    152 |    702 |   4180 |   5 | 1212.8 |
               +--------+--------+--------+--------+--------+-----+--------+

Top non-repeatable levels by time:
     D:5: 1761 daAuts
     D:1: 1518 daAuts
     D:3: 1232 daAuts
     D:2: 1020 daAuts
     D:4: 531 daAuts
